 Dungeon Crawl Stone Soup version 0.19.5 (webtiles) character file.

466 McKennaii the Magician (level 6, -13/32 HPs)
             Began as a Deep Elf Fire Elementalist on May 13, 2017.
             Was an Initiate of Vehumet.
             Mangled by mezla's ghost (14 damage)
             ... in a sewer.
             The game lasted 00:06:20 (3222 turns).

McKennaii the Magician (Deep Elf Fire Elementalist) Turns: 3222, Time: 00:06:21

Health: -13/32     AC:  2    Str:  5    XL:     6   Next: 81%
Magic:  11/17      EV: 13    Int: 22    God:    Vehumet [......]
Gold:   254        SH:  0    Dex: 15    Spells: 4 memorised, 6 levels left

rFire  + . .     SeeInvis +     (no weapon)
rCold  . . .     Gourm    .     a - +0 robe
rNeg   . . .     Faith    .     (no shield)
rPois  .         Spirit   .     (no helmet)
rElec  .         Reflect  .     (no cloak)
rCorr  .         Harm     .     (no gloves)
MR     .....                    (no boots)
Stlth  ++........               (no amulet)
                                t - ring of protection from fire
                                i - ring of see invisible

@: no status effects
A: no striking features
a: Renounce Religion


You were in a sewer.
You worshipped Vehumet.
Vehumet was noncommittal.
You were not hungry.

You visited 2 branches of the dungeon, and saw 6 of its levels.
You also visited: Sewer.

You collected 254 gold pieces.

Inventory:

Armour
 a - a +0 robe (worn)
Jewellery
 i - a ring of see invisible (left hand)
 t - a ring of protection from fire (right hand)
Wands
 k - a wand of hasting (4/9)
 m - a wand of disintegration (7/24)
Scrolls
 e - 2 scrolls of random uselessness {unknown}
 f - 5 scrolls of remove curse {unknown}
 g - 5 scrolls of identify {unknown}
 n - a scroll of noise {unknown}
 o - 2 scrolls of teleportation {unknown}
 p - 2 scrolls of enchant armour {unknown}
 r - a scroll of fear {unknown}
 u - 2 scrolls of fog {unknown}
Potions
 d - 4 potions of curing {unknown}
 h - a potion of magic {unknown}
 j - a potion of might {unknown}
 l - a potion of brilliance {unknown}
 q - 2 potions of heal wounds {unknown}
 x - a potion of agility {unknown}
Books
 b - a book of Flames

   Spells                             Type                      Level
   a - Flame Tongue                   Conjuration/Fire             1
   b - Throw Flame                    Conjuration/Fire             2
   c - Conjure Flame                  Conjuration/Fire             3
   d - Inner Flame                    Hexes/Fire                   3
   e - Sticky Flame                   Conjuration/Fire             4
   f - Fireball                       Conjuration/Fire             5
 w - a book of Necromancy

   Spells                             Type                      Level
   a - Pain                           Necromancy                   1
   b - Animate Skeleton               Necromancy                   1
   c - Vampiric Draining              Necromancy                   3
   d - Regeneration                   Charms/Necromancy            3
   e - Animate Dead                   Necromancy                   4
   f - Control Undead                 Necromancy                   4
Comestibles
 c - 2 bread rations
 s - a slice of pizza


   Skills:
 + Level 0.1 Fighting
 + Level 2.9 Dodging
 + Level 3.8 Stealth
 + Level 6.2 Spellcasting
 + Level 3.9 Conjurations
 + Level 5.1 Fire Magic


You had 6 spell levels left.
You knew the following spells:

 Your Spells              Type           Power        Failure   Level  Hunger
a - Flame Tongue          Conj/Fire      ####.        1%          1    None
b - Throw Flame           Conj/Fire      ####..       1%          2    None
c - Conjure Flame         Conj/Fire      ####....     4%          3    #......
f - Fireball              Conj/Fire      ####......   38%         5    #####..


Dungeon Overview and Level Annotations

Branches:
Dungeon (5/15)             Temple (1/1) D:5

Altars:
Elyvilon
Gozag
Hepliaklqana
Makhleb
Okawaru
Qazlal
Vehumet
Xom
Zin

Annotations:
Sewer mezla's ghost, amateur HOFi


Message History

Press: ? - help, Shift-Dir - straight line, f/p - mezla's ghost
Aim: mezla's ghost (steam, severely damaged)
The flame tongue hits mezla's ghost.
Mezla's ghost appears unharmed.
Mezla's ghost is severely damaged.
Mezla's ghost is engulfed in a cloud of scalding steam.
Mezla's ghost hits you! x2
Casting: Flame Tongue
Confirm with . or Enter, or press ? or * to list all spells.
Aiming: Flame Tongue
Press: ? - help, Shift-Dir - straight line, f/p - mezla's ghost
Aim: mezla's ghost (severely damaged)
The flame tongue hits mezla's ghost.
Mezla's ghost is severely damaged.
Mezla's ghost is engulfed in a cloud of scalding steam.
Mezla's ghost hits you!
Ouch! That really hurt!
* * * LOW HITPOINT WARNING * * *
Mezla's ghost is engulfed in a cloud of scalding steam.
Mezla's ghost hits you!
You die...

##≈≈≈## #.≈≈≈.# #.≈≈≈.###
#.≈≈≈..∩# #.≈≈≈.### #.≈≈≈.#
##.≈≈≈.##
###################§≈≈≈≈≈.#
≈≈≈≈≈≈≈≈≈≈≈≈≈≈≈≈@W§§≈≈≈≈..#
###################§≈≈≈≈..#
#≈.≈≈≈≈.# #)≈≈≈≈≈.#
#.≈≈≈≈≈≈# #.†≈≈≈≈≈#
#)≈≈≈≈≈≈# #..≈≈≈..#
#.≈.≈≈..#


You could see mezla's ghost.

Vanquished Creatures
  Edmund (D:4)
  An ogre (D:4)
  An orc priest (D:3)
  An orc wizard (D:3)
  2 worker ants (D:4)
  4 adders
  4 river rats (D:5)
  2 oozes
  2 worms
  3 dart slugs
  A leopard gecko (D:4)
  6 orcs
  3 giant cockroaches
  3 goblins (D:1)
  4 hobgoblins
  5 jackals
  A quokka (D:2)
  A ball python (D:5)
  5 bats
  3 frilled lizards
  10 kobolds
  A leopard gecko skeleton (D:4)
  7 rats
71 creatures vanquished.

Notes
Turn   | Place    | Note
-------+----------+-------------------------------------------
     0 | D:1      | McKennaii the Deep Elf Fire Elementalist began the quest for the Orb.
     0 | D:1      | Reached XP level 1. HP: 10/10 MP: 6/6
   125 | D:1      | Reached XP level 2. HP: 7/15 MP: 0/8
   722 | D:2      | Reached XP level 3. HP: 19/19 MP: 7/10
  1193 | D:3      | Reached skill level 4 in Spellcasting
  1193 | D:3      | Reached XP level 4. HP: 13/24 MP: 6/12
  1595 | D:3      | Learned a level 2 spell: Throw Flame
  1599 | D:3      | Learned a level 3 spell: Conjure Flame
  1842 | D:4      | Found a glowing silver altar of Zin.
  1844 | D:4      | Noticed an angel
  1848 | D:4      | Found a shimmering altar of Xom.
  1853 | D:4      | Reached XP level 5. HP: 28/28 MP: 11/13
  2253 | D:4      | Reached skill level 5 in Spellcasting
  2521 | D:4      | Noticed Edmund
  2546 | D:4      | Killed Edmund
  2546 | D:4      | Reached XP level 6. HP: 32/32 MP: 0/16
  2556 | D:4      | Learned a level 5 spell: Fireball
  2658 | D:4      | Reached skill level 5 in Fire Magic
  2835 | D:5      | Entered Level 5 of the Dungeon
  2848 | D:5      | Noticed a water elemental
  2854 | D:5      | Found a stormy altar of Qazlal.
  2856 | D:5      | Noticed a fire elemental
  2857 | D:5      | Noticed an air elemental
  2929 | D:5      | Reached skill level 6 in Spellcasting
  2943 | D:5      | Found a glowing drain.
  3032 | D:5      | Found a staircase to the Ecumenical Temple.
  3041 | Temple   | Entered the Ecumenical Temple
  3055 | Temple   | Became a worshipper of Vehumet
  3144 | Sewer    | Entered a sewer
  3207 | Sewer    | Noticed mezla's ghost (amateur HOFi)
  3221 | Sewer    | HP: 1/32 [mezla's ghost (16)]
  3222 | Sewer    | Mangled by mezla's ghost

Skill      XL: |  1  2  3  4  5  6 |
---------------+-------------------+-----
Fire Magic     | 4 5 |  5.1
Stealth        | 3 |  3.8
Spellcasting   | 4 5 6 |  6.2
Conjurations   | 2 3 |  3.9
Fighting       | |  0.1
Dodging        | |  2.9

Action                   |  1- 3 |  4- 6 || total
-------------------------+-------+-------++-------
Melee: Unarmed           |     1 |     4 ||     5
 Cast: Flame Tongue      |    55 |    83 ||   138
       Conjure Flame     |       |     1 ||     1
       Throw Flame       |       |     2 ||     2
  Eat: Chunk             |     1 |     6 ||     7
Armor: Robe              |    11 |     4 ||    15
Dodge: Dodged            |    32 |    22 ||    54
